 Dungeon Crawl Stone Soup version 0.26-a0-1086-g9010512d90 (webtiles) character file.

Game seed: 12820983650083800814

4181 sahdkjhfkaj the Cleaver (level 10, 0/90 HPs)
             Began as a Hill Orc Monk on Dec 14, 2020.
             Was a Believer of Beogh.
             Slain by an ogre
             ... wielding a +0 giant spiked club
              (11 damage)
             ... on level 8 of the Dungeon on Dec 15, 2020.
             The game lasted 00:13:56 (11087 turns).

sahdkjhfkaj the Cleaver (Hill Orc Monk)            Turns: 11087, Time: 00:13:57

Health: 0/90       AC: 11    Str: 18    XL:     10   Next: 28%
Magic:  6/14       EV:  8    Int: 10    God:    Beogh [**....]
Gold:   358        SH:  0    Dex: 13    Spells: 9/9 levels left

rFire    + . .     SeeInvis .   a - +0 war axe
rCold    . . .     Faith    .   (no shield)
rNeg     + . .     Spirit   .   C - +0 chain mail
rPois    .         Reflect  .   e - +0 helmet
rElec    .         Harm     .   (no cloak)
rCorr    .         Rampage  .   (no gloves)
Will     .....                  (no boots)
Stlth    ..........             k - amulet of the acrobat
HPRegen  0.25/turn              G - ring of positive energy
MPRegen  0.14/turn              i - ring of protection from fire

@: no status effects
A: no striking features
a: Smiting, Renounce Religion


You were on level 8 of the Dungeon.
You worshipped Beogh.
Beogh was pleased with you.
You visited 1 branch of the dungeon, and saw 8 of its levels.

You collected 358 gold pieces.

Inventory:

Hand Weapons
 a - a +0 war axe (weapon)
   (You found it on level 5 of the Dungeon)
 x - a +5 trident
   (You took it off a wight on level 6 of the Dungeon)
Missiles
 h - 3 curare-tipped darts (quivered) {!f}
 w - a throwing net {!f}
Armour
 e - a +0 helmet (worn)
   (You found it on level 1 of the Dungeon)
 C - a +0 chain mail (worn)
   (You found it on level 7 of the Dungeon)
Jewellery
 i - a ring of protection from fire (right hand)
   (You found it on level 7 of the Dungeon)
 k - an amulet of the acrobat (around neck)
   (You found it on level 1 of the Dungeon)
 G - a ring of positive energy (left hand)
   (You found it on level 8 of the Dungeon)
Wands
 d - a wand of iceblast (1)
   (You found it on level 3 of the Dungeon)
 t - a wand of flame (20)
   (You found it on level 6 of the Dungeon)
Scrolls
 f - 4 scrolls of immolation {!r}
 j - 5 scrolls of fear
 l - 2 scrolls of teleportation {@r4}
 m - 5 scrolls of enchant weapon
 o - 3 scrolls of remove curse {@r2}
 u - a scroll of blinking
 B - 2 scrolls of magic mapping
 E - a scroll of fog {unknown}
 F - a scroll of brand weapon {unknown}
Potions
 b - a potion of degeneration {unknown}
 c - a potion of flight {unknown}
 g - 3 potions of curing {@q1}
 n - 2 potions of berserk rage
 p - a potion of attraction {unknown}
 q - a potion of cancellation {unknown}
 r - a potion of magic {unknown}
 s - 3 potions of brilliance
 v - 3 potions of might
 y - a potion of lignification {unknown}
 z - a potion of haste {unknown}
 A - a potion of mutation {unknown}
 D - 4 potions of heal wounds {@q2}


   Skills:
 + Level 8.9 Fighting
 * Level 13.4 Axes
 + Level 7.2 Armour
 - Level 2.4 Dodging
 - Level 1.5 Stealth
 + Level 5.3 Invocations


You had 9 spell levels left.
You didn't know any spells.
Your spell library was empty.

Dungeon Overview and Level Annotations

Branches:
Dungeon (8/15)             Temple (0/1) D:5
   Lair: D:8-11

Altars:
Ashenzari
Cheibriados
Fedhas
Sif Muna
Yredelemnul

Shops:
D:7 ?

Annotations:
D:2 1 runed translucent door, Crazy Yiuf
D:5 Ijyb


Message History

The two-headed ogre hits you but does no damage.
Your chain mail prevents you from hitting the two-headed ogre.
The two-headed ogre barely misses you. x2
Smite: a two-headed ogre, wielding two +0 giant clubs (lightly wounded)
You smite the two-headed ogre!
Unknown command.
Unknown command.
Smite: a two-headed ogre, wielding two +0 giant clubs (heavily wounded)
You smite the two-headed ogre!
You can no longer gain orcish followers.
The two-headed ogre barely misses you. x2
Smite: a two-headed ogre, wielding two +0 giant clubs (severely wounded)
You smite the two-headed ogre!
You kill the two-headed ogre!
Beogh accepts your kill. The bullfrog closely misses you.
Your Armour skill increases to level 7!
Your Invocations skill increases to level 5!
You slash the bullfrog! The bullfrog hits you.
You closely miss the bullfrog. The bullfrog barely misses you.
The bullfrog completely misses you.
You closely miss the bullfrog. The bullfrog hits you.
You closely miss the bullfrog. The bullfrog hits you.
You closely miss the bullfrog.
The bullfrog hits you but does no damage.
You closely miss the bullfrog. The bullfrog completely misses you.
The bullfrog hits you but does no damage.
You hit the bullfrog.
The bullfrog hits you but does no damage.
You slash the bullfrog!
The bullfrog hits you but does no damage.
You miss the bullfrog.
The bullfrog hits you but does no damage.
You hit the bullfrog.
You kill the bullfrog!
Beogh accepts your kill.
You hit the ogre. The ogre barely misses you.
You barely miss the ogre. You barely miss the ogre.
The ogre closely misses you.
Your chain mail prevents you from hitting the ogre.
You barely miss the ogre.
The ogre hits you with a +0 giant spiked club!!
* * * LOW HITPOINT WARNING * * *
You hit the ogre. You slash the ogre!
The ogre hits you with a +0 giant spiked club!!
* * * LOW HITPOINT WARNING * * *
You barely miss the ogre.
The ogre hits you with a +0 giant spiked club!
You die...

## ...#################### ####
#<.............O@.....# ....
#........##.########.# .###
.......##.##.# . ##
##......#.##.# #.........##.
#......#.##.# #.........##.
........#.##.# #............
##......#.##.# #.........##.
#.###'##.##.########.[.......##.
.. ............................


You could see an ogre.

Vanquished Creatures
  A two-headed ogre (D:8)
  An ugly thing (D:8)
  Grinder (D:4)
  A sky beast (D:5)
  An orc warrior (D:7)
  A phantom (D:5)
  An ogre (D:6)
  4 centaurs
  A big kobold (D:7)
  7 bullfrogs
  A scorpion (D:8)
  5 killer bees (D:8)
  4 wights (D:6)
  6 howler monkeys (D:8)
  A bullfrog zombie (D:8)
  An orc priest (D:7)
  A jelly (D:5)
  2 bullfrog skeletons
  2 centaur skeletons
  3 hounds
  6 orc wizards
  4 iguanas
  3 worker ants
  21 gnolls
  11 adders
  2 river rats (D:4)
  A shadow imp (D:7)
  A white imp (D:6)
  2 oozes
  An adder skeleton (D:6)
  4 worms
  5 leopard geckos
  25 orcs
  4 giant cockroaches
  9 goblins
  3 hobgoblins
  4 jackals (D:4)
  2 quokkas
  2 ball pythons (D:4)
  4 bats
  5 frilled lizards
  A jackal skeleton (D:8)
  11 kobolds
  2 quokka skeletons
  14 rats
  A spectral orc (D:5)
193 creatures vanquished.

Vanquished Creatures (others)
  2 plants (D:4)
2 creatures vanquished.

Grand Total: 195 creatures vanquished

Notes
Turn   | Place    | Note
-------+----------+-------------------------------------------
     0 | D:1      | sahdkjhfkaj the Hill Orc Monk began the quest for the Orb.
     0 | D:1      | Reached XP level 1. HP: 19/19 MP: 1/1
   158 | D:1      | Reached XP level 2. HP: 26/26 MP: 2/2
   291 | D:1      | Reached skill level 5 in Axes
  1092 | D:2      | Reached XP level 3. HP: 29/31 MP: 3/3
  1160 | D:2      | Reached skill level 6 in Axes
  1175 | D:2      | Reached XP level 4. HP: 15/40 MP: 4/4
  1528 | D:2      | Reached skill level 1 in Armour
  1909 | D:2      | Found a runed translucent door.
  1910 | D:2      | Noticed Crazy Yiuf
  2132 | D:3      | Noticed a centaur
  2155 | D:3      | Killed a centaur
  2156 | D:3      | Reached skill level 7 in Axes
  2156 | D:3      | Reached XP level 5. HP: 14/47 MP: 5/5
  2709 | D:3      | Reached XP level 6. HP: 48/53 MP: 6/6
  3278 | D:3      | Found a shimmering blue altar of Sif Muna.
  3912 | D:4      | Found a blossoming altar of Fedhas.
  3950 | D:4      | Reached skill level 5 in Fighting
  4210 | D:4      | Noticed Grinder
  4216 | D:4      | Killed Grinder
  4217 | D:4      | Reached skill level 8 in Axes
  4217 | D:4      | Reached XP level 7. HP: 48/61 MP: 7/7
  5056 | D:4      | Reached skill level 9 in Axes
  5735 | D:5      | Entered Level 5 of the Dungeon
  5737 | D:5      | Noticed Ijyb
  5779 | D:5      | Reached XP level 8. HP: 48/70 MP: 8/8
  6013 | D:5      | Reached skill level 10 in Axes
  6135 | D:5      | Found a staircase to the Ecumenical Temple.
  6677 | D:5      | Found a basalt altar of Yredelemnul.
  6739 | D:5      | Found a broken altar of Ashenzari.
  6739 | D:5      | Found a snail-covered altar of Cheibriados.
  7057 | D:6      | Reached skill level 5 in Armour
  7497 | D:6      | Reached skill level 11 in Axes
  7721 | D:6      | Reached XP level 9. HP: 76/77 MP: 9/9
  7816 | D:6      | Became a worshipper of Beogh the Brigand
  7816 | D:6      | Reached * piety under Beogh
  7816 | D:6      | Reached ** piety under Beogh
  8171 | D:6      | Reached skill level 1 in Invocations
  8659 | D:7      | Found Asosm's Magic Scroll Emporium.
  9422 | D:7      | Reached skill level 12 in Axes
 10233 | D:8      | Got a polished dagger
 10290 | D:8      | Reached *** piety under Beogh
 10294 | D:8      | Noticed a red ugly thing
 10317 | D:8      | Killed a red ugly thing
 10318 | D:8      | Reached XP level 10. HP: 11/90 MP: 11/13
 10635 | D:8      | Reached skill level 13 in Axes
 10635 | D:8      | HP: 4/90 [killer bee (2)]
 11043 | D:8      | Noticed a two-headed ogre
 11069 | D:8      | Killed a two-headed ogre
 11070 | D:8      | Reached skill level 5 in Invocations
 11087 | D:8      | Slain by an ogre

Illustrated notes

Levels and vault maps discovered:
D:1:      lemuel_arrival_lava_pool, layout_basic
D:2:      layout_basic, patterned_corridor, uniq_crazy_yiuf_cottage
D:3:      layout_basic, old_standard_altar
D:4:      layout_basic, portal_sewer_entry_b, fedhas_altar_1, uniq_grinder
D:5:      layout_cave_pools, yredelemnul_forgotten_temple_becter,
          gammafunk_temple_overflow_wave, temple_hall, serial_glass,
          glass_columns_a, glass_columns_a, glass_columns_b, glass_columns_b,
          glass_columns_b, glass_columns_c, glass_columns_a, glass_columns_a,
          glass_columns_a, glass_columns_c, minmay_misc_feat_x, uniq_ijyb
D:6:      layout_cave_pods
D:7:      layout_loops_corners, serial_shops, nicolae_shop_window_shopping,
          hangedman_decor_lopped
D:8:      layout_basic, minmay_lair_entry_lava, serial_shops,
          nicolae_shop_stone, lemuel_statue_altar

Skill      XL: |  1  2  3  4  5  6  7  8  9 10 |
---------------+-------------------------------+-----
Axes           | 5 6 7 8 9 11 12 13 | 13.4
Armour         | 1 2 3 4 5 6 7 |  7.2
Fighting       | 4 5 6 7 8 |  8.9
Invocations    | 4 5 |  5.3
Dodging        | |  2.4
Stealth        | |  1.5

Action                   |  1- 3 |  4- 6 |  7- 9 | 10-12 || total
-------------------------+-------+-------+-------+-------++-------
Melee: Hand axe          |    81 |   193 |   178 |       ||   452
       War axe           |       |       |   265 |    59 ||   324
Throw: Dart              |     4 |       |     2 |       ||     6
Invok: Convert to Beogh  |       |       |     1 |       ||     1
       Smiting           |       |       |       |     3 ||     3
Evoke: Wand              |       |     6 |     1 |       ||     7
  Use: Scroll            |     4 |     2 |     8 |       ||    14
       Potion            |       |       |       |     1 ||     1
Armor: Robe              |    13 |       |       |       ||    13
       Ring mail         |    15 |    54 |    38 |       ||   107
       Scale mail        |       |       |    49 |       ||    49
       Chain mail        |       |       |    58 |    25 ||    83
Dodge: Dodged            |    48 |   112 |   246 |    43 ||   449

Table legend: (Time is in decaauts)
 A = Elapsed time spent in this place.
 B = Non-inter-level travel time spent in this place.
 C = Inter-level travel time spent in this place.
 D = Time resting spent in this place.
 E = Time spent auto-exploring this place.
 F = Levels seen in this place.
 G = Mean time per level.
                   A        B        C        D        E       F      G
               +--------+--------+--------+--------+--------+-----+--------+
         Total |  11026 |  10812 |    214 |   1285 |   7894 |   8 | 1378.2 |
       Dungeon |  11026 |  10812 |    214 |   1285 |   7894 |   8 | 1378.2 |
               +--------+--------+--------+--------+--------+-----+--------+

Top non-repeatable levels by time:
     D:4: 1977 daAuts
     D:7: 1962 daAuts
     D:5: 1457 daAuts
     D:3: 1437 daAuts
     D:2: 1373 daAuts
     D:6: 1195 daAuts
     D:1: 921 daAuts
     D:8: 700 daAuts
